 Dungeon Crawl Stone Soup version 0.19.1-1-g22dce08 (webtiles) character file.

3287 Peloso the Carver (level 10, 0/86 HPs)
             Began as a Ghoul Gladiator on Dec 31, 2016.
             Was a Priest of Okawaru.
             Slain by a hog (5 damage)
             ... on level 6 of the Dungeon.
             The game lasted 00:28:12 (7355 turns).

Peloso the Carver (Ghoul Gladiator)                 Turns: 7355, Time: 00:28:13

Health: 0/86       AC: 15    Str: 20    XL:     10   Next: 1%
Magic:  7/9        EV: 12    Int:  6    God:    Okawaru [***...]
Gold:   309        SH:  0    Dex: 12    Spells: 0 memorised, 9 levels left

rFire  . . .     SeeInvis .     a - +0 long sword
rCold  + . .     Gourm    .     z - +0 chain mail
rNeg   + + +     Faith    .     (no shield)
rPois  ∞         Spirit   .     w - +1 helmet {Int+3}
rElec  .         Reflect  .     g - +0 cloak {MR+}
rCorr  .         Harm     .     (no gloves)
MR     +....                    (no boots)
Stlth  ..........               (no amulet)
                                (no ring)
                                (no ring)

@: heroism, rotting
A: rotting body, claws 1, carnivore 3, cold resistance 1, negative energy
resistance 3, slow regeneration 1, torment resistance, unbreathing
a: Heroism, Renounce Religion


You were on level 6 of the Dungeon.
You worshipped Okawaru.
Okawaru was most pleased with you.
You were not hungry.

You visited 2 branches of the dungeon, and saw 8 of its levels.
You also visited: Sewer.

You collected 309 gold pieces.

Inventory:

Hand Weapons
 a - a +0 long sword (weapon)
 i - a +0 dagger of flaming
Missiles
 d - 3 throwing nets (quivered)
Armour
 g - a +0 cloak of magic resistance (worn)
 w - a +1 helmet of intelligence (worn)
 z - a +0 chain mail (worn)
Wands
 v - a wand of random effects (48/48)
Scrolls
 b - 3 scrolls of identify
 e - 3 scrolls of remove curse
 p - 4 scrolls of fog
 r - 3 scrolls of magic mapping
 s - 2 scrolls of blinking {unknown}
 x - 2 scrolls of recharging
 y - a scroll of random uselessness {unknown}
 A - a scroll of enchant weapon {unknown}
 E - 3 scrolls of teleportation {unknown}
 G - 2 scrolls of fear {unknown}
 H - a scroll of enchant armour {unknown}
Potions
 k - 4 potions of might
 l - a potion of haste
 n - a potion of resistance
 o - a potion of invisibility
 q - a potion of lignification
 u - 9 potions of magic {unknown}
 B - a potion of mutation {unknown}
 C - 2 potions of flight {unknown}
 D - 3 potions of curing
 F - a potion of brilliance {unknown}
Comestibles
 f - 4 meat rations
 j - 2 slices of pizza


   Skills:
 + Level 7.2(12.2) Fighting
 + Level 8.9(13.9) Long Blades
 + Level 1.9(6.9) Throwing
 + Level 5.3(10.3) Armour
 + Level 5.3(10.3) Dodging
 + Level 0.5(5.5) Stealth
 + Level 0.8 Evocations


You had 9 spell levels left.
You didn't know any spells.

Dungeon Overview and Level Annotations

Branches:
Dungeon (7/15)             Temple (1/1) D:5

Altars:
Dithmenos
Fedhas
Hepliaklqana
Nemelex Xobeh
Okawaru
Qazlal
Ru
Uskayaw
Vehumet
Zin


Innate Abilities, Weirdness & Mutations

Your body is rotting away.
You thrive on raw meat.
You are immune to poison.
You have sharp fingernails.
You are carnivorous and can eat meat at any time.
Your flesh is cold resistant. (rC+)
You are immune to negative energy. (rN+++)
You regenerate slowly when monsters are visible.
You are immune to unholy pain and torment.
You can survive without breathing.


Message History

You kill the hog!
Okawaru accepts your kill.
You have reached level 10!
You feel stronger. The hog barely misses you. The hog barely misses you.
You gain the combat prowess of a mighty hero.
The hog bites you but does no damage.
You hit the hog.
The hog is lightly wounded.
The hog closely misses you.
You slash the hog!
The hog is moderately wounded.
The hog closely misses you.
You barely miss the hog.
The hog is moderately wounded.
The hog bites you but does no damage.
You see here 2 arrows.
The hog bites you.
You die...

......###...?#.#######....#.#..#
.......##....#...........##.#..##
...<...##...>....................
.......##....#.#######.#.##.#####
.......###.#.#.#######.#.##......
.......###.###.......#.#.##..####
...........#########.#.#.##..#
........#..#....####.#.#.##..#
........#......(@h...#.#<....####
........##.#...(####.#.#.........
........#............#.#..#......
#.......#........................
#.......#.##########.#.#.##......
#..................#.#.....######
####[##.....######.#.#.#.#.#
#.##.....# #.#)..#.#.#.######
#)##.....# ##.#.###.#.#.#....#


You could see a hog.

Vanquished Creatures
  Grinder (D:6)
  A hippogriff (D:6)
  A hog (D:6)
  Eustachio (D:6)
  An orc warrior (D:5)
  An ice beast (D:6)
  3 sky beasts (D:6)
  A phantom (D:6)
  A black bear (D:6)
  2 centaurs
  An ogre (D:6)
  8 bullfrogs
  A scorpion (D:4)
  4 wights (D:6)
  4 crimson imps
  3 hounds
  An orc priest (D:5)
  A centaur skeleton (D:7)
  Crazy Yiuf (D:4)
  A bullfrog skeleton (D:6)
  Natasha (twice) (D:3)
  5 worker ants
  2 orc wizards
  A hound zombie (D:7)
  3 hound skeletons
  A howler monkey skeleton (D:7)
  14 adders
  6 gnolls
  3 river rats (Sewer)
  A shadow imp (D:5)
  2 oozes
  2 adder skeletons
  A worm (D:3)
  6 leopard geckos
  21 orcs
  12 ball pythons
  6 bats
  11 giant cockroaches
  6 goblins
  5 hobgoblins
  17 jackals
  2 quokkas
  7 frilled lizards
  5 kobolds
  32 rats
211 creatures vanquished.

Notes
Turn   | Place    | Note
-------+----------+-------------------------------------------
     0 | D:1      | Peloso the Ghoul Gladiator began the quest for the Orb.
     0 | D:1      | Reached XP level 1. HP: 17/17 MP: 0/0
   289 | D:1      | Reached XP level 2. HP: 21/24 MP: 1/1
   695 | D:2      | Reached skill level 3 in Long Blades
   695 | D:2      | Reached XP level 3. HP: 22/30 MP: 2/2
  1044 | D:3      | Reached XP level 4. HP: 32/37 MP: 3/3
  1047 | D:3      | Noticed Natasha
  1095 | D:3      | Killed Natasha
  1095 | D:3      | Reached skill level 1 in Armour
  1370 | D:2      | HP: 1/37 [gnoll/club (6)]
  1372 | D:2      | Reached XP level 5. HP: 2/44 MP: 4/4
  1692 | D:3      | Noticed Natasha
  1703 | D:3      | Killed Natasha
  1703 | D:3      | Reached skill level 4 in Long Blades
  1734 | D:3      | Found a sparkling altar of Nemelex Xobeh.
  2356 | D:4      | Got a polished mace
  2368 | D:4      | Found a runed door.
  2511 | D:4      | Reached XP level 6. HP: 51/51 MP: 5/5
  3273 | D:5      | Entered Level 5 of the Dungeon
  3389 | D:5      | Found a glowing drain.
  3392 | D:5      | Reached XP level 7. HP: 51/59 MP: 6/6
  3407 | D:5      | Reached skill level 5 in Long Blades
  3424 | Sewer    | Entered a sewer
  4145 | D:5      | Found a staircase to the Ecumenical Temple.
  4260 | Temple   | Entered the Ecumenical Temple
  4292 | Temple   | Became a worshipper of Warmaster Okawaru
  4478 | D:5      | Reached XP level 8. HP: 8/66 MP: 7/7
  4485 | D:5      | Identified the +1 mace of Bread {holy, Int+5} (You found it on level 4 of the Dungeon)
  4738 | D:5      | Reached skill level 6 in Long Blades
  5061 | D:6      | Noticed Eustachio
  5068 | D:6      | Noticed Grinder
  5102 | D:6      | Killed Eustachio
  5102 | D:6      | Reached * piety under Okawaru
  5102 | D:6      | Reached skill level 5 in Fighting
  5112 | D:6      | Killed Grinder
  5180 | D:6      | Reached skill level 5 in Dodging
  5201 | D:6      | Reached skill level 7 in Long Blades
  5235 | D:6      | Reached ** piety under Okawaru
  5387 | D:5      | Reached XP level 9. HP: 27/74 MP: 8/8
  6324 | D:6      | Reached skill level 8 in Long Blades
  6416 | D:6      | Reached *** piety under Okawaru
  6594 | D:4      | Noticed Crazy Yiuf
  6598 | D:4      | Killed Crazy Yiuf
  6727 | D:6      | Reached skill level 5 in Armour
  7292 | D:7      | HP: 2/79 [hog (8)]
  7343 | D:6      | HP: 3/79 [hog (2)]
  7345 | D:6      | Reached XP level 10. HP: 3/86 MP: 9/9
  7355 | D:6      | Slain by a hog

Skill      XL: |  1  2  3  4  5  6  7  8  9 |
---------------+----------------------------+-----
Dodging        | 3 4 5 |  5.3
Long Blades    | 3 4 5 7 8 |  8.9
Armour         | 1 2 3 5 |  5.3
Fighting       | 3 4 5 7 |  7.2
Throwing       | |  1.9
Stealth        | |  0.5
Evocations     | |  0.8

Action                   |  1- 3 |  4- 6 |  7- 9 | 10-12 || total
-------------------------+-------+-------+-------+-------++-------
Melee: Long sword        |    98 |   202 |   589 |     3 ||   892
Invok: Heroism           |       |       |       |     1 ||     1
Evoke: Wand              |       |       |     4 |       ||     4
  Use: Scroll            |       |     7 |     8 |       ||    15
       Potion            |       |       |     7 |       ||     7
  Eat: Chunk             |     2 |    27 |    51 |       ||    80
Armor: Leather armour    |    42 |    50 |   101 |       ||   193
       Chain mail        |       |       |   248 |     2 ||   250
Dodge: Dodged            |    78 |   162 |   453 |     4 ||   697
       Rpst.: Long sword |    19 |    55 |   139 |       ||   213
